 Dungeon Crawl Stone Soup version 0.31-a0-819-gf6de2f5ab6 (webtiles) character file.

Game seed: 16595381078183451890

7 Kurtz the Shield-Bearer (level 2, -1/21 HPs)
             Began as an Octopode Fighter on Sept 25, 2023.
             Slain by a goblin
             ... wielding a +0 club
             ... led by Robin
              (6 damage)
             ... on level 2 of the Dungeon.
             The game lasted 00:00:09 (143 turns).

Kurtz the Shield-Bearer (Octopode Fighter)           Turns: 143, Time: 00:00:10

Health: -1/21      AC:  1    Str: 15    XL:     2   Next: 4%
Magic:  2/2        EV: 13    Int: 10    God:
Gold:   10         SH:  0    Dex: 11    Spells: 1/1 levels left

rFire   . . .        a - +0 war axe
rCold   . . .        b - +0 buckler
rNeg    . . .        (helmet restricted)
rPois   .            (no amulet)
rElec   .            (no ring)
rCorr   .            (no ring)
SInv    .            (no ring)
Will    .....        (no ring)
Stlth   ++           (no ring)
HPRegen 0.23/turn    (no ring)
MPRegen 0.08/turn    (no ring)
                     (no ring)

%: no passive effects
@: confused, mighty, ambrosia-drunk
A: almost no armour, amphibious, 8 rings, camouflage 1, gelatinous body 1,
(nimble swimmer 1), tentacles
a: no special abilities


You were on level 2 of the Dungeon.
You visited 1 branch of the dungeon, and saw 2 of its levels.

You collected 10 gold pieces.

Inventory:

Hand Weapons
 a - a +0 war axe (weapon)
Armour
 b - a +0 buckler (worn)


   Skills:
 - Level 3.0 Fighting
 * Level 2.7 Axes
 - Level 3.0 Dodging
 - Level 3.0 Shields


You had one spell level left.
You didn't know any spells.
Your spell library was empty.

Dungeon Overview and Level Annotations

Branches:
Dungeon (1/15)

Altars:

Annotations:
D:2 Robin


Innate Abilities, Weirdness & Mutations

You cannot wear most types of armour.
You are amphibious.
You can wear up to eight rings at the same time.
Your skin changes colour to match your surroundings (Stealth+).
Your rubbery body absorbs attacks. (AC +1, EV +1)
((You are camouflaged when in or above water. (Stealth+)))
You have tentacles for arms and can constrict up to eight enemies at once.


Message History

You closely miss the hobgoblin.
Robin shouts!
Your grab misses the hobgoblin. Your squeeze misses the hobgoblin.
You hear a shout! x3
A goblin comes into view. It is wielding a +0 club.
Robin throws the goblin at you! The goblin misses you.
The hobgoblin closely misses you.
A goblin comes into view. It is wielding a +0 club.
There are monsters nearby!
You closely miss the goblin. Your grab misses the goblin. You slash the goblin!
You kill the goblin!
You hit the hobgoblin. Robin throws the goblin at you!
A goblin comes into view. It is wielding a +0 club.
The goblin barely misses you. The goblin hits you with a +0 club.
You block the hobgoblin's attack. The goblin closely misses you.
The goblin misses you. Robin throws the goblin at you!
The hobgoblin misses you.
A goblin comes into view. It is wielding a +0 dagger.
You hit the hobgoblin.
You kill the hobgoblin!
You barely miss the goblin. x2; You closely miss the goblin.
You barely miss the goblin. The goblin hits you with a +0 club.
The goblin closely misses you.
Robin roars a battlecry!
The goblins go into a battle-frenzy!
The goblin hits you but does no damage. The goblin misses you.
You have reached level 2!
You are too injured to fight recklessly!
You feel very mighty all of a sudden. You block the goblin's attack.
The goblin hits you with a +0 club.
* * * LOW HITPOINT WARNING * * *
The goblin hits you but does no damage. You block the goblin's attack.
Sorry, you're not good enough to have a special ability.
It was a potion of ambrosia.
You are confused.
You feel invigorated. The goblin barely misses you. x2
The goblin hits you with a +0 club.
* * * LOW HITPOINT WARNING * * *
The goblin hits you with a +0 club.
You die...

#......#..#..# ##
#...........#
..####........#.#
#..#............#
#.........#.####
###....#.#.#...#
...........###.##
##....ggg#####..#
.......@........#
......gg.########
....##..... .##
#g###[.# #. #..#
.g #.# ##g ... ..
#.


You could see Robin and 7 goblins.

Vanquished Creatures
  A bat (D:1)
  2 goblins
  A hobgoblin (D:2)
  A kobold (D:1)
  A frilled lizard (D:2)
6 creatures vanquished.

Notes
Turn   | Place    | Note
-------+----------+-------------------------------------------
     0 | D:1      | Kurtz the Octopode Fighter began the quest for the Orb.
     0 | D:1      | Reached XP level 1. HP: 16/16 MP: 1/1
   119 | D:1      | You fall into a shaft and drop 1 floor!
   138 | D:2      | Noticed Robin
   142 | D:2      | Reached XP level 2. HP: 8/21 MP: 2/2
   143 | D:2      | Slain by a goblin

Illustrated notes

Levels and vault maps discovered:
D:1:      psy_arrival_basics, layout_basic, dk_noncrumbling_4,
          minmay_stone_trees_small, reono_crystal_passage,
          chequers_serial_rivers_large_b, corexii_hall_statues_l
D:2:      layout_rooms, serial_shops, shop, nicolae_shop_tiny_waterfront,
          uniq_robin

Action                     || total
---------------------------++-------
  Melee: War axe           ||    11
         Constrict         ||     1
    Use: Potion            ||     2
   Stab: Sleeping          ||     1
 Armour: Skin              ||    12
  Dodge: Dodged            ||    13
  Block: Buckler           ||     5

Table legend: (Time is in decaauts)
 A = Elapsed time spent in this place.
 B = Non-inter-level travel time spent in this place.
 C = Inter-level travel time spent in this place.
 D = Time resting spent in this place.
 E = Time spent auto-exploring this place.
 F = Levels seen in this place.
 G = Mean time per level.
                   A        B        C        D        E       F      G
               +--------+--------+--------+--------+--------+-----+--------+
         Total |    147 |    147 |      0 |      0 |    109 |   2 |   73.5 |
       Dungeon |    147 |    147 |      0 |      0 |    109 |   2 |   73.5 |
               +--------+--------+--------+--------+--------+-----+--------+

Top non-repeatable levels by time:
     D:1: 121 daAuts
     D:2: 25 daAuts
